 Dungeon Crawl Stone Soup version 0.14-a0-1663-g0b35444 (webtiles) character file.

592 ReteAZ the Digger (level 6, -12/49 HPs)
             Began as a Deep Dwarf Earth Elementalist on Dec 28, 2013.
             Was a Follower of Makhleb.
             Mangled by Menkaure (20 damage)
             ... on Level 4 of the Dungeon.
             The game lasted 00:32:00 (3900 turns).

ReteAZ the Digger (Deep Dwarf Earth Elementalist)   Turns: 3900, Time: 00:32:00

HP -12/49        AC  8     Str 13      XL: 6   Next: 71%
MP   9/13        EV 12     Int 19      God: Makhleb [*.....]
Gold 150         SH  0     Dex 13      Spells:  2 memorised,  8 levels left

rFire  . . .     SeeInvis .     b - 62 stones
rCold  . . .     Clarity  .     A - +2 orc robe {MR+}
rNeg   + . .     Conserve .     (no shield)
rPois  .         rCorr    .     (no helmet)
rElec  .         rRot     .     (no cloak)
SustAb . .       Spirit   .     H - +0 pair of gloves
rMut   .         Warding  +     (no boots)
Saprov . . .     Stasis   .     D - amulet of warding
                                p - +3 ring of intelligence
                                i - ring of sustenance

@: non-regenerating, stone skin, quite resistant to hostile enchantments, fairly
stealthy
A: damage resistance, recharge devices, sense surroundings 1, slow healing 3
a: Device Recharging, Renounce Religion


You were on level 4 of the Dungeon.
You worshipped Makhleb.
Makhleb was aware of your devotion.
You were not hungry.

You visited 2 branches of the dungeon, and saw 5 of its levels.

You collected 150 gold pieces.

Inventory:

Hand weapons
 x - a +1,+1 crossbow
 F - a +0,+0 war axe
Missiles
 b - 62 stones (in hand)
 g - 16 bolts
 q - 2 bolts of frost
 y - 2 tomahawks of returning (quivered)
Armour
 c - a +0 robe
 A - a +2 orcish robe of magic resistance (worn)
 H - a +0 pair of gloves (worn)
Magical devices
 a - a wand of heal wounds (3)
Comestibles
 f - 4 bread rations
 h - an apple
 l - a lemon
 s - a choko
 z - a pear
 B - a meat ration
Scrolls
 e - 2 scrolls of fog
 o - 4 scrolls of remove curse
 r - a scroll of enchant weapon II {unknown}
 u - 2 scrolls of identify
 w - a scroll of noise
Jewellery
 i - a ring of sustenance (left hand)
 p - a +3 ring of intelligence (right hand)
 v - an uncursed ring of ice
 D - an amulet of warding (around neck)
Potions
 j - a potion of cure mutation {unknown}
 k - 2 potions of agility
 m - 3 potions of heal wounds {unknown}
 n - a potion of beneficial mutation {unknown}
 t - 8 potions of curing {unknown}
Books
 d - a book of Geomancy

   Spells                             Type                      Level
   *Sandblast                         Earth                        1
   *Stoneskin                         Transmutation/Earth          2
   Passwall                           Transmutation/Earth          3
   Stone Arrow                        Conjuration/Earth            3
   Petrify                            Transmutation/Earth          4
   Lee's Rapid Deconstruction         Earth                        5


   Skills:
 + Level 3.1 Axes
 - Level 2.1 Dodging
 - Level 2.4 Stealth
 + Level 3.4 Spellcasting
 - Level 0.8 Transmutations
 * Level 7.8 Earth Magic


You had 8 spell levels left.
You knew the following spells:

 Your Spells              Type           Power        Failure   Level  Hunger
a - Sandblast             Erth           ####..       1%          1    None
b - Stoneskin             Trmt/Erth      ###.......   4%          2    ##.....


Dungeon Overview and Level Annotations

Branches:
Dungeon (4/16)             Temple (1/1) D:4

Altars:
Cheibriados
Elyvilon
Fedhas
Makhleb
Nemelex Xobeh
Okawaru
Sif Muna
Trog
Yredelemnul
Zin
the Shining One

Annotations:
D:4 Menkaure


Innate Abilities, Weirdness & Mutations

You are resistant to damage.
You can recharge devices by infusing magical energy.
You passively map a small area around you.
You do not heal naturally.


Message History

The rocky blast misses Menkaure.
Menkaure closely misses you.
Casting: Sandblast
Confirm with . or Enter, or press ? or * to list all spells.
Aiming: Sandblast
Press: ? - help, Shift-Dir - straight line, f/p - Menkaure
Aim: Menkaure (lightly damaged, moving very quickly)
The rocky blast misses Menkaure.
Menkaure calls on the powers of darkness!
Your body is wracked with pain!
Casting: Sandblast
Confirm with . or Enter, or press ? or * to list all spells.
Aiming: Sandblast
Press: ? - help, Shift-Dir - straight line, f/p - Menkaure
Aim: Menkaure (lightly damaged, moving very quickly)
The rocky blast hits Menkaure.
Menkaure is severely damaged.
Menkaure hits you!
* * * LOW HITPOINT WARNING * * *
Menkaure hits you!
You die...

#..........................
#######...........#########
#....######## #... #.#####
#... ###._.## #########...
*8.:(8 *#........... ...
##.######### , ##M## #.#
+.@.+ #.# , #.⌠.#, ,#.# *
*#...##8##.# * ##...###..#
###.....## #######


You could see Menkaure.

Vanquished Creatures
  A phantom (D:4)
  A hound (D:4)
  4 orc wizards (D:4)
  A scorpion (D:4)
  Ijyb (D:4)
  Jessica (D:3)
  5 adders
  A worm (D:3)
  An adder skeleton (D:4)
  A giant eyeball (D:4)
  4 giant geckos (D:2)
  An ooze (D:1)
  15 orcs (D:4)
  4 giant cockroaches
  12 hobgoblins
  2 jackals (D:3)
  5 kobolds
  2 quokkas (D:2)
  5 bats
  4 giant newts
  11 goblins
  A kobold skeleton (D:4)
  13 rats
96 creatures vanquished.

Notes
Turn   | Place    | Note
--------------------------------------------------------------
     0 | D:1      | ReteAZ, the Deep Dwarf Earth Elementalist, began the quest for the Orb.
     0 | D:1      | Reached XP level 1. HP: 15/15 MP: 2/2
   308 | D:1      | Reached XP level 2. HP: 22/22 MP: 0/3
   688 | D:1      | Learned a level 2 spell: Stoneskin
  1204 | D:2      | Reached skill level 5 in Earth Magic
  1204 | D:2      | Reached XP level 3. HP: 14/28 MP: 3/6
  2154 | D:3      | Reached XP level 4. HP: 15/36 MP: 2/8
  2383 | D:3      | Reached skill level 6 in Earth Magic
  2716 | D:3      | Noticed Jessica
  2747 | D:3      | Killed Jessica
  2830 | D:3      | Reached skill level 1 in Axes
  2905 | D:4      | Found a staircase to the Ecumenical Temple.
  2912 | Temple   | Entered the Ecumenical Temple
  3080 | Temple   | Became a worshipper of Makhleb the Destroyer
  3151 | D:4      | Noticed Ijyb
  3190 | D:4      | Killed Ijyb
  3190 | D:4      | Reached XP level 5. HP: 37/42 MP: 5/10
  3487 | D:4      | Noticed a phantom
  3498 | D:4      | Killed a phantom
  3498 | D:4      | Reached skill level 7 in Earth Magic
  3498 | D:4      | Reached XP level 6. HP: 30/49 MP: 7/13
  3664 | D:4      | Acquired Makhleb's first power
  3865 | D:4      | Paralysed by a giant eyeball for 3 turns
  3893 | D:4      | Found a deep blue altar of Sif Muna.
  3893 | D:4      | Noticed Menkaure
  3900 | D:4      | Mangled by Menkaure

Action                   |  1- 3 |  4- 6 || total
-------------------------+-------+-------++-------
Melee: Club              |    34 |       ||    34
       Dagger            |     3 |       ||     3
       Whip              |    21 |       ||    21
       War axe           |       |    20 ||    20
 Fire: Crossbow          |       |    58 ||    58
Throw: Tomahawk          |    20 |     6 ||    26
 Cast: Sandblast         |    58 |    57 ||   115
       Stoneskin         |     6 |     6 ||    12
Evoke: Wand              |       |     2 ||     2
  Use: Scroll            |     3 |     6 ||     9
 Stab: Sleeping          |     1 |       ||     1
